 Dungeon Crawl Stone Soup version 0.30.0-19-g36f170ea60 (webtiles) character file.

Game seed: 10832867694501075949

896 PaiMei the Chiller (level 8, -2/57 (61) HPs)
             Began as a Merfolk Ice Elementalist on May 30, 2023.
             Was an Initiate of Vehumet.
             Slain by a wight
             ... wielding a +0 dire flail
              (8 damage)
             ... on level 6 of the Dungeon.
             The game lasted 00:14:36 (6384 turns).

PaiMei the Chiller (Merfolk Ice Elementalist)       Turns: 6384, Time: 00:14:36

HP:   -2/57 (61)    AC:  5    Str:  8    XL:     8   Next: 7%
MP:   14/14         EV: 14    Int: 17    God:    Vehumet [......]
Gold: 286           SH:  5    Dex: 14    Spells: 11/15 levels left

rFire   x . .        B - +3 quarterstaff (chaos)
rCold   + . .        (shield currently unavailable)
rNeg    . . .        m - +0 leather armour
rPois   .            (no helmet)
rElec   .            q - +0 cloak
rCorr   .            A - +0 pair of gloves
SInv    .            (no boots)
Will    .....        o - amulet of reflection
Stlth   ++           t - ring of wizardry
HPRegen 0.29/turn    n - ring of ice
MPRegen 0.14/turn

%: reflection, wizardry (x1)
@: drained
A: (nimble swimmer 2), mertail
a: Renounce Religion


You were on level 6 of the Dungeon.
You worshipped Vehumet.
Vehumet was noncommittal.
You visited 2 branches of the dungeon, and saw 7 of its levels.

You collected 286 gold pieces.

Inventory:

Hand Weapons
 a - a +1 morningstar of freezing
 b - a +1 sling of draining
 B - a +3 quarterstaff of chaos (weapon)
Missiles
 i - 31 stones
 l - 4 boomerangs (quivered)
Armour
 m - a +0 leather armour (worn)
 q - a +0 cloak (worn)
 A - a +0 pair of gloves (worn)
Jewellery
 e - a ring of see invisible
 n - a ring of ice (right hand)
 o - an amulet of reflection (around neck)
 t - a ring of wizardry (left hand)
Wands
 r - a wand of iceblast (10)
 E - a wand of quicksilver (6)
Scrolls
 g - 9 scrolls of identify {unknown}
 k - 3 scrolls of amnesia {unknown}
 u - a scroll of fear {unknown}
 v - a scroll of immolation {unknown}
 w - 2 scrolls of noise {unknown}
 x - 4 scrolls of teleportation {unknown}
 y - a scroll of blinking {unknown}
 C - a scroll of enchant armour {unknown}
Potions
 c - 2 potions of lignification {unknown}
 d - a potion of might
 f - 2 potions of brilliance {unknown}
 h - a potion of heal wounds {unknown}
 j - 4 potions of degeneration {unknown}
 p - a potion of berserk rage {unknown}
 s - a potion of curing {unknown}
 z - 2 potions of magic
 D - a potion of attraction {unknown}


   Skills:
 + Level 4.5 Fighting
 + Level 6.4 Dodging
 - Level 2.4 Stealth
 + Level 4.4 Spellcasting
 + Level 6.5 Ice Magic


You had 11 spell levels left.
You knew the following spells:

 Your Spells              Type           Power      Damage    Failure   Level
a - Freeze                Ice            100%       1d10      1%          1
b - Frozen Ramparts       Ice            78%        1d12      1%          3

Your spell library contained the following spells:

 Spells                   Type           Power      Damage    Failure   Level
 Ozocubu's Armour         Ice            39%        N/A       1%          3
 Slow                     Hex            12%        N/A       9%          1
 Summon Ice Beast         Ice/Summ       22%        N/A       22%         4
 Confusing Touch          Hex            3%         N/A       26%         3
 Vampiric Draining        Necr           3%         2d6       26%         3


Dungeon Overview and Level Annotations

Branches:
Dungeon (6/15)             Temple (1/1) D:5

Altars:
Cheibriados
Elyvilon
Fedhas
Makhleb
Trog
Vehumet
Xom
Yredelemnul
The Shining One

Annotations:
D:5 Menkaure


Innate Abilities, Weirdness & Mutations

((You are very nimble when in or above water. (Stealth+, EV+, Speed+++)))
Your lower body shifts to a powerful aquatic tail in water.


Message History

Level annotation: Menkaure
There is a staircase to the Ecumenical Temple here.
There is an open door here.
Menkaure is nearby!
Menkaure shouts!
Menkaure mumbles some strange words.
Menkaure seems to speed up.
There is a stone staircase leading up here.
Menkaure murmurs a few words.
Menkaure calls on the powers of darkness!
Your body is wracked with pain!
There is a stone staircase leading down here.
You climb downwards.
The wight barely misses you.
There is a stone staircase leading up here.
The wight hits you from afar with a +0 spear!
You feel drained. The wight attacks as you move away!
The wight hits you with a +0 dire flail!
* * * LOW HITPOINT WARNING * * *
The wight attacks as you move away! The wight misses you.
The wight attacks as you move away!
The wight hits you with a +0 dire flail.
* * * LOW HITPOINT WARNING * * *
You feel drained.
* * * LOW HITPOINT WARNING * * *
The wight attacks as you move away!
The wight hits you with a +0 dire flail.
* * * LOW HITPOINT WARNING * * *
Okay, then.
Okay, then.
Unknown command.
Unknown command.
The wight attacks as you move away! The wight misses you.
The wight attacks as you move away! The wight barely misses you.
The wight attacks as you move away! You block the wight's attack.
The wight attacks as you move away! The wight closely misses you.
There is a shaft here.
The wight attacks as you move away!
The wight hits you with a +0 dire flail!
You die...

.# #.# #.# .# #z# #.#
# ## #.# #..#
#.####### #...
#...z...# #..#
#######z# #..# #z#
#..# #z# #..# #@#
##.###..# #.#
......... #
#####.######
#######.# #
#..........# ..##.# #
#########.###.####)##
#.##.# # #.........#
#.###...#####.##.# #
#.#########
#.#...#.....#.##.# #
#.#
#.#.#...###.#.##.#
####.##
#.#.##...........#


You could see 3 wights.

Vanquished Creatures
  Duvessa (D:5)
  A black bear (D:5)
  An ogre (D:6)
  A bullfrog (D:6)
  Dowan (D:5)
  A howler monkey (D:5)
  2 orc priests (D:5)
  3 jellies
  Crazy Yiuf (D:6)
  3 hounds
  2 iguanas
  4 gnolls (D:6)
  2 adders
  A shadow imp (D:6)
  A white imp (D:5)
  A worm (D:3)
  3 dart slugs
  8 orcs
  3 ball pythons
  7 endoplasms
  A giant cockroach (D:1)
  8 goblins
  6 hobgoblins
  2 jackals (D:2)
  2 kobolds
  5 quokkas
  3 bats
  4 frilled lizards
  2 rats
80 creatures vanquished.

Notes
Turn   | Place    | Note
-------+----------+-------------------------------------------
     0 | D:1      | PaiMei the Merfolk Ice Elementalist began the quest for the
                  | Orb.
     0 | D:1      | Reached XP level 1. HP: 13/13 MP: 3/3
   295 | D:1      | Reached XP level 2. HP: 19/19 MP: 0/5
   849 | D:1      | Reached XP level 3. HP: 22/25 MP: 6/6
   853 | D:1      | Learned a level 3 spell: Frozen Ramparts
  1100 | D:2      | Reached skill level 1 in Fighting
  1868 | D:3      | Reached XP level 4. HP: 32/32 MP: 2/7
  2374 | D:3      | Reached skill level 5 in Ice Magic
  2862 | D:4      | Reached XP level 5. HP: 38/38 MP: 3/9
  2961 | D:4      | Found a snail-covered altar of Cheibriados.
  3414 | D:4      | Noticed a phantom
  3719 | D:4      | Noticed an orc warrior
  4057 | D:5      | Entered Level 5 of the Dungeon
  4185 | D:5      | Noticed Duvessa
  4186 | D:5      | Noticed Dowan
  4192 | D:5      | Killed Duvessa
  4193 | D:5      | Reached XP level 6. HP: 35/46 MP: 2/11
  4193 | D:5      | Killed Dowan
  4194 | D:5      | Reached skill level 5 in Dodging
  4345 | D:5      | Found a staircase to the Ecumenical Temple.
  4539 | D:5      | Reached XP level 7. HP: 52/52 MP: 8/12
  5125 | D:5      | Noticed Menkaure
  5381 | D:6      | Found a runed translucent door.
  5382 | D:6      | Noticed Crazy Yiuf
  5388 | D:6      | Killed Crazy Yiuf
  5846 | D:6      | Reached XP level 8. HP: 61/61 MP: 8/14
  6152 | Temple   | Entered the Ecumenical Temple
  6304 | Temple   | Became a worshipper of Vehumet
  6384 | D:6      | Slain by a wight

Illustrated notes

Levels and vault maps discovered:
D:1:      evilmike_arrival_plus, layout_rooms, hangedman_feature_mirror
D:2:      layout_basic
D:3:      layout_basic
D:4:      wander_river, layout_loops_ring, kennysheep_slug_shrine,
          serial_bayou_lagoon_a
D:5:      layout_loops_ring, temple_green, uniq_menkaure, uniq_duvessa
D:6:      layout_loops_ring, pdpol_wu_jian_five_deadly_venoms,
          uniq_prince_ribbit1, uniq_grinder, uniq_crazy_yiuf_cottage
Temple:   nicolae_temple_two_arcs

Skill      XL: |  1  2  3  4  5  6  7 |
---------------+----------------------+-----
Dodging        | 3 4 5 6 |  6.4
Fighting       | 1 2 3 4 |  4.5
Ice Magic      | 5 6 |  6.5
Spellcasting   | 3 4 |  4.4
Stealth        | |  2.4

Action                     |  1- 3 |  4- 6 |  7- 9 || total
---------------------------+-------+-------+-------++-------
  Melee: Mace              |    47 |    51 |       ||    98
         War axe           |     4 |       |       ||     4
         Morningstar       |       |    16 |       ||    16
         Tailslap          |       |     3 |       ||     3
         Punch             |       |     1 |       ||     1
         Quarterstaff      |       |       |     2 ||     2
   Cast: Freeze            |    39 |    32 |    45 ||   116
         Frozen Ramparts   |       |     3 |    11 ||    14
   Stab: Sleeping          |     6 |     2 |       ||     8
 Armour: Robe              |    12 |       |       ||    12
         Leather armour    |       |    20 |     4 ||    24
  Dodge: Dodged            |    65 |    55 |    26 ||   146
  Block: Other             |       |    15 |    11 ||    26
         Reflection        |       |     1 |       ||     1
